 Dungeon Crawl Stone Soup version 0.23.2-30-g0e89c35649 (webtiles) character file.

Game seed: 16729705582294371410

86 Tursa the Shooter (level 4, 0/37 HPs)
             Began as a Centaur Hunter on June 23, 2019.
             Killed from afar by Natasha (10 damage)
             ... with a wand of flame (14)
             ... on level 2 of the Dungeon.
             The game lasted 00:12:48 (2132 turns).

Tursa the Shooter (Centaur Hunter)                  Turns: 2132, Time: 00:12:49

Health: 0/37       AC:  4    Str: 15    XL:     4   Next: 26%
Magic:  4/4        EV:  9    Int: 10    God:
Gold:   99         SH:  0    Dex: 10    Spells: 3/3 levels left

rFire    . . .     SeeInvis .   a - +1 shortbow
rCold    . . .     Gourm    .   (shield currently unavailable)
rNeg     . . .     Faith    .   c - +0 leather armour
rPois    .         Spirit   .   (no helmet)
rElec    .         Reflect  .   (no cloak)
rCorr    .         Harm     .   (no gloves)
MR       .....                  (no barding)
Stlth    +.........             (no amulet)
HPRegen  0.12/turn              (no ring)
MPRegen  0.09/turn              (no ring)

@: slowed
A: large, hooves 3, deformed body, speed 2, tough skin 3
a: no special abilities


You were on level 2 of the Dungeon.
You were not hungry.

You visited 1 branch of the dungeon, and saw 2 of its levels.

You collected 99 gold pieces.

Inventory:

Hand Weapons
 a - a +1 shortbow (weapon)
 b - a +0 short sword
Missiles
 d - 15 arrows (quivered)
 e - 20 bolts
Armour
 c - a +0 leather armour (worn)
Wands
 m - a wand of acid (5)
Scrolls
 g - a scroll of teleportation {unknown}
 h - 2 scrolls of blinking {unknown}
 j - a scroll of identify {unknown}
 k - 3 scrolls of remove curse {unknown}
 l - 2 scrolls of fog {unknown}
 n - 2 scrolls of fear {unknown}
Potions
 i - a potion of lignification {unknown}
 o - 2 potions of curing {unknown}
Comestibles
 f - 2 rations


   Skills:
 + Level 2.4 Fighting
 + Level 7.1 Bows
 + Level 0.3 Armour
 + Level 1.4 Dodging
 + Level 0.8 Stealth


You had 3 spell levels left.
You didn't know any spells.
Your spell library was empty.

Dungeon Overview and Level Annotations

Branches:
Dungeon (2/15)

Altars:

Annotations:
D:2 Natasha


Innate Abilities, Weirdness & Mutations

You have hooves in place of feet.
Armour fits poorly on your strangely shaped body.
You cover ground very quickly.
You have extremely tough skin. (AC +3)


Message History

Firing (i - inventory)
d - 17 arrows (quivered)
Press: ? - help, Shift-Dir - straight line, f/p - Natasha
Aim: Natasha, carrying a wand of flame (15) (heavily wounded, unusually agile)
You shoot an arrow.
The arrow hits Natasha but does no damage.
Natasha is heavily wounded.
Natasha completely misses you.
Firing (i - inventory)
d - 16 arrows (quivered)
Press: ? - help, Shift-Dir - straight line, f/p - Natasha
Aim: Natasha, carrying a wand of flame (15) (heavily wounded, unusually agile)
You shoot an arrow. The arrow misses Natasha.
Natasha zaps a wand.
The puff of flame hits you!
* * * LOW HITPOINT WARNING * * *
Natasha stares at you and mumbles some strange words.
You feel yourself slow down. Natasha casts a spell at you.
The magic dart hits you.
* * * LOW HITPOINT WARNING * * *
Natasha zaps a wand.
The puff of flame hits you!
You die...

#.# ###(...######........
#.# #.(.........#........
#.# #.# #..# ##.#.##.####
##.###.# #..###..†.# .#
##.#.##.# #.........# #
##.###.#.# #.####...##
##.## ##.h# #.####...# #.##
##.###........# ##.##
##..##...@.#...)......
##.###....h......#.#####.##
##.#.##.##.....##.#
##.###.###.#.###.# ###
#.###.#.###.# #....#......#
#####.#.##### #.#.# #
#...#########.# #


You could see Natasha.

Vanquished Creatures
  3 adders (D:2)
  2 worms (D:2)
  A dart slug (D:2)
  A ball python (D:2)
  3 giant cockroaches
  4 goblins
  4 hobgoblins
  5 jackals
  5 kobolds
  3 quokkas (D:2)
  7 bats
  4 frilled lizards
  7 rats
49 creatures vanquished.

Notes
Turn   | Place    | Note
-------+----------+-------------------------------------------
     0 | D:1      | Tursa the Centaur Hunter began the quest for the Orb.
     0 | D:1      | Reached XP level 1. HP: 17/17 MP: 1/1
   474 | D:1      | Reached XP level 2. HP: 24/24 MP: 2/2
   643 | D:1      | Reached skill level 6 in Bows
  1153 | D:2      | Reached XP level 3. HP: 29/29 MP: 3/3
  1643 | D:2      | Reached XP level 4. HP: 37/37 MP: 4/4
  1671 | D:2      | Reached skill level 7 in Bows
  2114 | D:2      | Noticed Natasha
  2132 | D:2      | Killed from afar by Natasha

Skill      XL: |  1  2  3  4 |
---------------+-------------+-----
Bows           | 6 7 |  7.1
Fighting       | |  2.4
Armour         | |  0.3
Dodging        | |  1.4
Stealth        | |  0.8

Action                   |  1- 3 |  4- 6 || total
-------------------------+-------+-------++-------
 Fire: Shortbow          |   142 |    30 ||   172
  Eat: Ration            |     1 |       ||     1
Armor: Leather armour    |    13 |     8 ||    21
Dodge: Dodged            |    22 |     7 ||    29
